 Dungeon Crawl Stone Soup version 0.24.0-125-gc4c63601f3 (webtiles) character file.

Game seed: 1874560806505843987, levelgen mode: deterministic

131348 Devinter the Stormcaller (level 17, -1/112 HPs)
             Began as a Tengu Air Elementalist on Dec 14, 2019.
             Was a High Priest of Vehumet.
             Slain by an alligator zombie (18 damage)
             ... on level 4 of the Swamp on Mar 8, 2020.
             The game lasted 06:24:01 (36173 turns).

Devinter the Stormcaller (Tengu Air Elementalist)  Turns: 36173, Time: 06:24:02

Health: -1/112     AC:  9    Str: 21    XL:     17   Next: 10%
Magic:  3/37       EV: 18    Int: 23    God:    Vehumet [*****.]
Gold:   1590       SH:  7    Dex: 16    Spells: 4/46 levels left

rFire    + . .     SeeInvis +   U - staff of energy
rCold    + . .     Gourm    .   f - +1 buckler
rNeg     . . .     Faith    .   T - +2 robe {rC+ rF+}
rPois    .         Spirit   .   i - +3 crown of Dyrovepreva {rElec Int+2 SInv}
rElec    +         Reflect  .   Y - +0 cloak "Qeisuq" {Str+4}
rCorr    .         Harm     .   h - +0 pair of gloves
MR       +....                  (boots unavailable)
Stlth    ++........             P - amulet of Vitality {Regen+ HP+15}
HPRegen  0.68/turn              s - +3 ring of strength
MPRegen  0.25/turn              t - +5 ring of strength

@: grasped by roots, flying quickly and evasively, constricted, studying Ice
Magic, quick
A: beak, talons 3, able to fly
a: Stop Flying, Renounce Religion


You were on level 4 of the Swamp.
You worshipped Vehumet.
Vehumet was extremely pleased with you.
You were not hungry.

You visited 5 branches of the dungeon, and saw 28 of its levels.
You also visited: Sewer and Ice Cave.

You collected 2987 gold pieces.
You spent 1397 gold pieces at shops.

Inventory:

Hand Weapons
 H - the +6 hand axe "Ygurizye" {drain, Int+4 Dex+5}
   (You found it on level 5 of the Dungeon)

   A truly terrible weapon, it drains the life of those it strikes.
   It affects your intelligence (+4).
   It affects your dexterity (+5).
Missiles
 o - 7 silver boomerangs (quivered)
 K - 20 javelins
Armour
 f - a +1 buckler (worn)
 h - a +0 pair of gloves (worn)
 i - the +3 crown of Dyrovepreva (worn) {rElec Int+2 SInv}
   (You found it on level 6 of the Lair of Beasts)

   It affects your intelligence (+2).
   It insulates you from electricity.
   It lets you see invisible.
 T - a +2 robe of resistance (worn)
 Y - the +0 cloak "Qeisuq" (worn) {Str+4}
   (You found it on level 2 of the Lair of Beasts)

   It affects your strength (+4).
Magical Staves
 U - an uncursed staff of energy (weapon)
Jewellery
 s - a +3 ring of strength (left hand)
 t - a +5 ring of strength (right hand)
 G - a +3 ring of strength
 P - the amulet of Vitality (around neck) {Regen+ HP+15}
   (You bought it in a shop on level 15 of the Dungeon)

   [amulet of regeneration]

   It affects your health (+15).
   It increases your rate of regeneration.
Wands
 a - a wand of paralysis (9)
 e - a wand of random effects (26)
 q - a wand of disintegration (17)
 J - a wand of enslavement (7)
 V - a wand of flame (28)
 X - a wand of acid (7)
Scrolls
 j - 2 scrolls of random uselessness {unknown}
 l - 3 scrolls of enchant weapon
 m - 2 scrolls of blinking
 n - 2 scrolls of summoning {unknown}
 p - 2 scrolls of holy word {unknown}
 r - 2 scrolls of acquirement {unknown}
 u - a scroll of identify
 v - 14 scrolls of remove curse
 y - 2 scrolls of magic mapping
 A - 8 scrolls of teleportation
 B - 5 scrolls of fear
 C - a scroll of amnesia
 E - 4 scrolls of silence {unknown}
 F - 2 scrolls of enchant armour
 O - 4 scrolls of fog
 S - a scroll of brand weapon {unknown}
Potions
 b - 3 potions of curing
 d - 3 potions of berserk rage
 g - 2 potions of ambrosia
 w - 7 potions of haste
 z - 5 potions of heal wounds
 I - 4 potions of lignification
 L - 2 potions of might {unknown}
 M - a potion of magic {unknown}
 N - 2 potions of agility
Books
 D - a manual of Ice Magic
Miscellaneous
 x - a lightning rod (1/4)
 R - a phial of floods (inert)
Comestibles
 c - 32 rations


   Skills:
 - Level 8.0 Fighting
 - Level 4.0 Armour
 - Level 8.0 Dodging
 - Level 2.0 Stealth
 - Level 8.0 Shields
 + Level 15.1 Spellcasting
 - Level 14.0 Conjurations
 - Level 10.0 Summonings
 + Level 4.1 Necromancy
 - Level 2.0 Translocations
 + Level 8.6 Ice Magic
 - Level 18.0 Air Magic
 + Level 1.6 Evocations


You had 4 spell levels left.
You knew the following spells:

 Your Spells              Type           Power        Failure   Level  Hunger
a - Shock                 Conj/Air       ####         0%          1    None
b - Swiftness             Chrm/Air       ######..     1%          2    None
c - Conjure Ball Lightni  Conj/Air       ######....   1%          6    None
d - Orb of Destruction    Conj           ######....   2%          7    None
e - Lightning Bolt        Conj/Air       ######....   1%          5    None
f - Blink                 Tloc           N/A          2%          2    None
g - Stone Arrow           Conj/Erth      #####.       1%          3    None
h - Regeneration          Chrm/Necr      ####......   4%          3    None
i - Spellforged Servitor  Conj/Summ      ######....   5%          7    None
j - Freezing Cloud        Conj/Ice/Air   ######....   1%          6    None

Your spell library contained the following spells:

 Spells                   Type           Power        Failure   Level  Hunger
 Magic Dart               Conj           ####         0%          1    None
 Searing Ray              Conj           ######       0%          2    None
 Static Discharge         Conj/Air       ######..     0%          3    None
 Airstrike                Air            #######...   0%          4    None
 Sting                    Conj/Pois      ####         1%          1    None
 Call Imp                 Summ           ######..     1%          2    None
 Ensorcelled Hibernation  Hex/Ice        #####.       1%          2    None
 Throw Flame              Conj/Fire      #####.       1%          2    None
 Conjure Flame            Conj/Fire      #####...     1%          3    None
 Dazzling Spray           Conj/Hex       #####.       1%          3    None
 Mephitic Cloud           Conj/Pois/Air  ######..     1%          3    None
 Force Lance              Conj/Tloc      ######..     1%          4    None
 Fulminant Prism          Conj/Hex       #####.....   1%          4    None
 Iskenderun's Mystic Bla  Conj           ######..     1%          4    None
 Beastly Appendage        Tmut           ###...       3%          1    None
 Confusing Touch          Hex            ###...       3%          1    None
 Corona                   Hex            ###....      3%          1    None
 Infusion                 Chrm           ###.         3%          1    None
 Shroud of Golubria       Chrm/Tloc      ###...       3%          2    None
 Slow                     Hex            ###.....     4%          2    None
 Song of Slaying          Chrm           ###.....     4%          2    None
 Sticks to Snakes         Tmut           ###.....     4%          2    None
 Gell's Gravitas          Tloc           ####......   4%          3    None
 Ice Form                 Ice/Tmut       #####...     5%          4    None
 Confuse                  Hex            ###.....     10%         3    None
 Spectral Weapon          Hex/Chrm       ###.....     10%         3    None
 Spider Form              Tmut/Pois      ###.......   10%         3    None
 Tukima's Dance           Hex            ###.....     10%         3    None
 Petrify                  Tmut/Erth      ###.....     32%         4    None
 Irradiate                Conj/Tmut      #####.....   1%          5    None
 Bolt of Cold             Conj/Ice       ######....   1%          6    None
 Ozocubu's Refrigeration  Ice            ######....   4%          6    None
 Metabolic Englaciation   Hex/Ice        #####.....   16%         5    None
 Yara's Violent Unravell  Hex/Tmut       ###.......   24%         5    None
 Simulacrum               Ice/Necr       #####.....   36%         6    None
 Tornado                  Air            #######...   45%         9    None
 Blade Hands              Tmut           ###.......   67%         5    None
 Hydra Form               Tmut           ###.......   99%         6    None
 Statue Form              Tmut/Erth      ###......    99%         6    None
 Dragon Form              Tmut           ###.......   100%        7    None
 Ignition                 Fire           ###.......   100%        8    None
 Shatter                  Erth           ###.......   100%        9    None


Dungeon Overview and Level Annotations

Branches:
Dungeon (15/15)            Temple (1/1) D:6            Lair (6/6) D:11
  Swamp (4/4) Lair:4        Snake (0/4) Lair:3        Slime (0/5) Lair:5
    Orc (2/2) D:12            Elf (0/3) Orc:2        Vaults (0/5) D:13
 Depths (0/5) D:15          Sewer (visited)           IceCv (visited)

Altars:
Ashenzari
Cheibriados
Dithmenos
Elyvilon
Fedhas
Gozag
Hepliaklqana
Kikubaaqudgha
Makhleb
Nemelex Xobeh
Okawaru
Ru
Sif Muna
Trog
Uskayaw
Vehumet
Wu Jian
Xom
Yredelemnul
Zin
The Shining One
Beogh

Shops:
D:6 *   D:15 =   Orc:2 :([*


Innate Abilities, Weirdness & Mutations

You have a beak for a mouth.
You have claws for feet.
You can fly continuously.


Message History

The alligator zombie misses you.
The alligator zombie is engulfed in freezing vapours.
Okay, then.
Okay, then.
Okay, then.
Evoke which item? (* to show all) (? for menu, Esc to quit)
You open the lid... ...and a larval shockbat beast flies out!
The now-empty box falls apart.
You feel yourself speed up.
The hornet stings you but does no damage.
You block the hornet's attack.
The alligator zombie is engulfed in freezing vapours.
The alligator zombie bites you!
* * * LOW HITPOINT WARNING * * *
The alligator zombie closely misses you.
The shambling mangrove is engulfed in freezing vapours.
* * * LOW HITPOINT WARNING * * *
The grasping roots constrict you! The alligator zombie bites you!!
You die...

♣♣..♣♣≈ ≈....♣
♣♣♣♣≈.≈?♣♣
.≈≈≈♣.≈.≈♣♣
≈≈≈.≈≈≈..≈♣
≈≈≈≈.H≈≈≈≈♣♣
♣♣♣≈≈≈≈Z≈.♣
♣♣≈♣(≈≈@yZ§♣♣
♣≈≈♣♣.≈.Z..§♣♣♣.
♣♣♣...♣♣♣♣.f§§§...
♣♣≈.≈≈≈.≈≈♣.§§§≈°≈.
♣≈$≈≈≈≈....<§§§§§≈≈
♣♣≈≈.≈..†..§≈§≈§≈≈≈
♣≈≈≈.≈†≈.≈♣..≈≈≈≈≈≈
♣♣♣♣[≈≈≈≈♣♣≈≈≈≈≈≈≈≈
♣≈≈.≈≈≈≈.♣.≈§≈≈≈≈♣


You could see a shambling mangrove, a hornet, 3 alligator zombies and a friendly
larval shockbat beast.

Vanquished Creatures
  Jorgrun (D:15)
  Rupert (D:13)
  A thorn hunter (Swamp:1)
  Kirke (Swamp:1)
  A fire giant (D:15)
  An orc warlord (Orc:2)
  Louise (D:15)
  2 entropy weavers (Lair:5)
  The ghost of DildoBatman the Geomancer, a journeyman FoWz of Kikubaaqudgha (D:12)
  7 hydras
  2 vault guards (D:13)
  Erica (D:9)
  2 centaur warriors
  A death knight (D:14)
  3 ghost crabs
  2 shambling mangroves
  An ogre mage (D:13)
  A tengu warrior (D:15)
  2 two-headed ogres
  15 death yaks
  6 alligators
  Urug (Lair:3)
  A queen ant (Lair:5)
  An orc high priest (Orc:2)
  Sonja (Lair:6)
  5 skeletal warriors (D:12)
  2 spriggan druids
  An unseen horror (D:10)
  4 lindwurms (Lair:6)
  4 orc knights
  An orb spider (shapeshifter) (D:13)
  5 oklob plants
  4 orc sorcerers (Orc:2)
  A deep elf mage (D:15)
  2 ugly things
  4 manticores
  10 elephants
  7 cyclopes
  2 spectral centaurs (D:12)
  4 centaur zombies
  An ice statue (IceCv)
  4 black mambas
  15 spiny frogs
  2 gargoyles (D:12)
  3 komodo dragons
  A yaktaur (D:13)
  A rime drake (Lair:5)
  3 freezing wraiths (D:14)
  A queen bee (Lair:5)
  4 trolls
  2 tengu conjurers
  3 meliai (Lair:5)
  7 tyrant leeches
  11 hornets
  9 polar bears (Lair:6)
  11 blink frogs
  2 dream sheep (Lair:6)
  An alligator zombie (Swamp:4)
  Prince Ribbit (D:5)
  2 raiju (Lair:6)
  6 bog bodies
  8 hippogriffs
  13 slime creatures
  4 shadows
  4 centaur simulacra (D:12)
  4 spriggans
  A tarantella (shapeshifter) (D:13)
  6 wyverns
  3 wraiths
  36 yaks
  A human (D:13)
  A hog (Swamp:1)
  A hungry ghost (D:8)
  3 basilisks
  Menkaure (D:5)
  11 wargs
  11 vampire mosquitoes
  A harpy simulacrum (D:12)
  26 soldier ants
  3 acid dragons
  4 water moccasins
  11 swamp worms
  13 hell hounds (Lair:6)
  4 swamp drakes
  8 porcupines
  12 black bears
  A hornet zombie (D:7)
  36 orc warriors
  An eye of draining (D:13)
  8 ice beasts
  A necrophage (D:10)
  9 ogres
  4 phantoms
  28 wolves
  6 crocodiles
  16 centaurs
  3 big kobolds
  11 bullfrogs
  A gnoll sergeant (D:12)
  2 wyvern skeletons
  40 killer bees
  5 wights (D:11)
  An electric eel (D:10)
  4 howler monkeys
  7 crimson imps
  A lava snake (D:10)
  A quasit (D:8)
  18 orc priests
  4 hounds
  A wyvern simulacrum (D:12)
  2 bullfrog skeletons
  4 jellies
  22 orc wizards
  5 centaur skeletons
  3 iguanas
  Crazy Yiuf (D:3)
  24 worker ants
  A hell rat (Lair:5)
  A hound skeleton (D:7)
  2 howler monkey zombies
  Robin (D:3)
  2 worker ant zombies
  2 howler monkey skeletons
  10 gnolls
  15 adders
  2 river rats (Sewer)
  6 shadow imps
  A worker ant simulacrum (D:11)
  2 adder skeletons
  2 worms
  4 dart slugs
  5 leopard geckos
  94 orcs
  15 giant cockroaches
  15 goblins
  10 hobgoblins
  19 jackals
  19 kobolds
  3 quokkas
  A ball python (D:5)
  10 bats
  6 frilled lizards
  A leopard gecko skeleton (D:5)
  3 quokka skeletons
  8 rats
  3 fungi
  4 plants
930 creatures vanquished.

Vanquished Creatures (collateral kills)
  Roxanne (Swamp:2)
  An orc warlord (Orc:2)
  2 vault guards (D:13)
  A shambling mangrove (Swamp:3)
  An alligator (Swamp:1)
  A deep elf archer (D:13)
  A cyclops (Orc:2)
  2 orc knights (Orc:2)
  An ugly thing (IceCv)
  2 ice statues (IceCv)
  2 spiny frogs (Lair:6)
  A tyrant leech (Swamp:1)
  2 bog bodies (Swamp:3)
  3 hornets
  A blink frog (Lair:4)
  2 slime creatures (Swamp:1)
  4 spriggans
  3 hogs (Swamp:1)
  A basilisk (Lair:5)
  4 vampire mosquitoes
  2 swamp worms (Swamp:2)
  A water moccasin (Lair:6)
  3 orc warriors (Orc:2)
  An ice beast (IceCv)
  2 swamp drakes
  An orc priest (Orc:2)
  A ball lightning (Orc:2)
  An orc (Orc:2)
48 creatures vanquished.

Vanquished Creatures (others)
  92 ball lightnings
  A human (Swamp:1)
  A swamp worm (Swamp:4)
  A bush (Lair:5)
  21 fungi
  27 plants
143 creatures vanquished.

Grand Total: 1121 creatures vanquished

Notes
Turn   | Place    | Note
-------+----------+-------------------------------------------
     0 | D:1      | Devinter the Tengu Air Elementalist began the quest for the
                  | Orb.
     0 | D:1      | Reached XP level 1. HP: 10/10 MP: 4/4
   289 | D:1      | Reached XP level 2. HP: 15/15 MP: 4/6
   297 | D:1      | Reached skill level 2 in Conjurations
   446 | D:1      | Learned a level 2 spell: Swiftness
   720 | D:1      | Reached XP level 3. HP: 19/19 MP: 3/7
  1251 | D:2      | Reached XP level 4. HP: 22/24 MP: 3/8
  1326 | D:2      | Learned a level 3 spell: Static Discharge
  1341 | D:2      | Reached skill level 3 in Dodging
  1383 | D:2      | Found a sparkling altar of Nemelex Xobeh.
  1801 | D:3      | Reached skill level 3 in Conjurations
  1852 | D:3      | Found a runed translucent door.
  1853 | D:3      | Noticed Crazy Yiuf
  2074 | D:3      | Killed Crazy Yiuf
  2074 | D:3      | Reached skill level 5 in Air Magic
  2074 | D:3      | Gained mutation: You can fly continuously. [Tengu growth]
  2074 | D:3      | Reached XP level 5. HP: 28/28 MP: 1/10
  2302 | D:3      | Reached skill level 3 in Spellcasting
  2534 | D:3      | Noticed Robin
  2537 | D:3      | Killed Robin
  3056 | D:4      | Found an iron altar of Okawaru.
  3200 | D:4      | Learned a level 4 spell: Airstrike
  3209 | D:4      | Reached skill level 4 in Conjurations
  3209 | D:4      | Reached XP level 6. HP: 27/32 MP: 8/11
  3268 | D:4      | Reached skill level 4 in Dodging
  3524 | D:4      | Reached skill level 6 in Air Magic
  4081 | D:5      | Entered Level 5 of the Dungeon
  4120 | D:5      | Noticed Prince Ribbit
  4128 | D:5      | Killed Prince Ribbit
  4128 | D:5      | Reached skill level 4 in Spellcasting
  4128 | D:5      | Reached skill level 7 in Air Magic
  4128 | D:5      | Reached XP level 7. HP: 15/36 MP: 1/14
  4444 | D:5      | Found a shimmering altar of Xom.
  4645 | D:5      | Got a steaming hand axe
  4673 | D:5      | Identified the +6 hand axe "Ygurizye" {drain, Int+4 Dex+5}
                  | (You found it on level 5 of the Dungeon)
  4692 | D:5      | Reached skill level 8 in Air Magic
  4693 | D:5      | Reached skill level 5 in Spellcasting
  4703 | D:5      | Learned a level 5 spell: Lightning Bolt
  4706 | D:5      | Noticed Menkaure
  4714 | D:5      | Killed Menkaure
  4714 | D:5      | Reached skill level 1 in Fighting
  4714 | D:5      | Reached XP level 8. HP: 26/44 MP: 5/16
  4737 | D:5      | Found a burning altar of Makhleb.
  4949 | D:5      | Reached skill level 2 in Fighting
  5353 | D:6      | Reached skill level 9 in Air Magic
  5353 | D:6      | Found Zin's Purification Station.
  5359 | D:6      | Reached skill level 3 in Fighting
  5386 | D:6      | Found a glowing silver altar of Zin.
  5520 | D:6      | Got a fine falchion
  5521 | D:6      | Identified the +2 falchion of Equivalence {holy, rF- rC++
                  | Str+3} (You found it on level 6 of the Dungeon)
  5603 | D:6      | Found a shimmering blue altar of Sif Muna.
  5669 | D:6      | Reached skill level 4 in Fighting
  5684 | D:6      | Found a bloodstained altar of Trog.
  5745 | D:6      | Found a glowing drain.
  5758 | Sewer    | Entered a sewer
  5817 | Sewer    | Reached skill level 10 in Air Magic
  5876 | Sewer    | Found a white marble altar of Elyvilon.
  6047 | D:6      | Reached skill level 11 in Air Magic
  6047 | D:6      | Reached XP level 9. HP: 51/52 MP: 13/17
  6107 | D:6      | Found a staircase to the Ecumenical Temple.
  6116 | Temple   | Entered the Ecumenical Temple
  6134 | Temple   | Became a worshipper of Vehumet
  6563 | D:7      | Found an opulent altar of Gozag.
  6563 | D:7      | Found a shimmering blue altar of Sif Muna.
  6594 | D:7      | Found a glowing golden altar of the Shining One.
  6604 | D:7      | Found a snail-covered altar of Cheibriados.
  6861 | D:7      | Reached skill level 12 in Air Magic
  6866 | D:7      | Reached skill level 5 in Fighting
  7064 | D:7      | Reached * piety under Vehumet
  7064 | D:7      | Offered knowledge of Magic Dart by Vehumet.
  7334 | D:7      | Found a blossoming altar of Fedhas.
  7699 | D:8      | Reached skill level 5 in Conjurations
  8002 | D:8      | Reached skill level 6 in Fighting
  8043 | D:8      | Reached skill level 6 in Conjurations
  8043 | D:8      | Reached XP level 10. HP: 20/60 MP: 7/19
  8320 | D:8      | Reached skill level 6 in Spellcasting
  8869 | D:8      | Learned a level 2 spell: Blink
  9040 | D:9      | Offered knowledge of Freeze by Vehumet.
  9087 | D:9      | Reached ** piety under Vehumet
  9101 | D:9      | Noticed Erica
  9112 | D:9      | Killed Erica
  9112 | D:9      | Reached skill level 7 in Conjurations
  9112 | D:9      | Reached skill level 1 in Translocations
  9316 | D:9      | Found a basalt altar of Yredelemnul.
  9351 | D:9      | Reached skill level 7 in Fighting
  9543 | D:9      | Reached skill level 2 in Translocations
  9546 | D:9      | Reached skill level 8 in Conjurations
  9547 | D:9      | Reached skill level 7 in Spellcasting
 10138 | D:10     | Entered Level 10 of the Dungeon
 10178 | D:10     | Offered knowledge of Stone Arrow by Vehumet.
 10187 | D:10     | Learned a level 3 spell: Stone Arrow
 10404 | D:10     | Reached skill level 8 in Fighting
 10406 | D:10     | Reached *** piety under Vehumet
 10406 | D:10     | Reached XP level 11. HP: 40/68 MP: 14/23
 10407 | D:10     | Reached skill level 8 in Spellcasting
 10539 | D:10     | Reached skill level 9 in Conjurations
 10640 | D:10     | Killed an unseen horror
 10711 | D:10     | Reached skill level 10 in Conjurations
 10943 | D:10     | Offered knowledge of Ignite Poison by Vehumet.
 11515 | D:11     | Reached skill level 11 in Conjurations
 11530 | D:11     | Noticed a manticore
 11553 | D:11     | Killed a manticore
 11777 | D:11     | Noticed a cyclops
 11780 | D:11     | Killed a cyclops
 11780 | D:11     | Reached skill level 5 in Dodging
 11888 | D:11     | Reached skill level 12 in Conjurations
 11896 | D:11     | Reached **** piety under Vehumet
 11917 | D:11     | Offered knowledge of Iskenderun's Mystic Blast by Vehumet.
 12080 | D:11     | Noticed an orc knight
 12085 | D:11     | Killed an orc knight
 12085 | D:11     | Reached skill level 6 in Dodging
 12085 | D:11     | Reached skill level 1 in Shields
 12097 | D:11     | Reached skill level 2 in Shields
 12227 | D:11     | Upgraded the game from 0.24.0-41-g2ae2f7f1be to
                  | 0.24.0-123-gd5b16e6ec5
 12403 | D:11     | Reached skill level 3 in Shields
 12438 | D:11     | Noticed an oklob plant
 12440 | D:11     | Killed an oklob plant
 12493 | D:11     | Found a staircase to the Lair.
 12501 | D:11     | Noticed an oklob plant
 12505 | D:11     | Killed an oklob plant
 12505 | D:11     | Reached skill level 4 in Shields
 12505 | D:11     | Reached XP level 12. HP: 63/73 MP: 8/25
 12737 | D:12     | Reached skill level 7 in Dodging
 12737 | D:12     | Reached skill level 5 in Shields
 12992 | D:12     | Reached skill level 8 in Dodging
 13072 | D:12     | Noticed a two-headed ogre
 13074 | D:12     | Killed a two-headed ogre
 13124 | Lair:1   | Entered Level 1 of the Lair of Beasts
 13923 | Lair:2   | Got an ichor-stained cloak
 13925 | Lair:2   | Identified the +0 cloak "Qeisuq" {Str+4} (You found it on
                  | level 2 of the Lair of Beasts)
 14305 | Lair:2   | Reached ***** piety under Vehumet
 14759 | Lair:3   | Found a staircase to the Snake Pit.
 14871 | Lair:3   | Offered knowledge of Force Lance by Vehumet.
 15182 | Lair:3   | Noticed Urug
 15185 | Lair:3   | Killed Urug
 15185 | Lair:3   | Reached skill level 13 in Conjurations
 15185 | Lair:3   | Reached skill level 13 in Air Magic
 15402 | Lair:3   | Reached skill level 9 in Spellcasting
 15564 | Lair:3   | Learned a level 3 spell: Regeneration
 15719 | Lair:4   | Reached XP level 13. HP: 30/78 MP: 3/27
 16159 | Lair:4   | Found a staircase to the Swamp.
 16866 | Lair:5   | Reached skill level 14 in Air Magic
 16899 | Lair:5   | Found a staircase to the Slime Pits.
 16907 | Lair:5   | Reached skill level 14 in Conjurations
 17094 | Lair:5   | Noticed an entropy weaver
 17100 | Lair:5   | Killed an entropy weaver
 17100 | Lair:5   | Reached skill level 10 in Spellcasting
 17121 | Lair:6   | Entered Level 6 of the Lair of Beasts
 17900 | Lair:4   | Offered knowledge of Spellforged Servitor by Vehumet.
 17909 | Lair:4   | Learned a level 7 spell: Spellforged Servitor
 17966 | Lair:5   | HP: 6/78 [soldier ant (13)]
 18317 | Lair:5   | Reached skill level 1 in Summonings
 18433 | Lair:5   | Reached skill level 2 in Summonings
 18653 | Lair:4   | Reached skill level 3 in Summonings
 19180 | Lair:5   | Reached skill level 11 in Spellcasting
 19347 | Lair:5   | Reached skill level 4 in Summonings
 19361 | Lair:5   | Reached skill level 5 in Summonings
 19893 | Lair:5   | Reached skill level 6 in Summonings
 20050 | Lair:5   | Noticed an entropy weaver
 20058 | Lair:5   | Killed an entropy weaver
 20058 | Lair:5   | Reached XP level 14. HP: 84/84 MP: 6/30
 20137 | Lair:5   | Reached skill level 7 in Summonings
 20496 | Lair:5   | Offered knowledge of Orb of Destruction by Vehumet.
 20525 | Lair:5   | Learned a level 7 spell: Orb of Destruction
 20881 | Lair:5   | Reached skill level 12 in Spellcasting
 20935 | Lair:5   | Reached skill level 8 in Summonings
 21079 | Lair:5   | Reached skill level 1 in Armour
 21082 | Lair:5   | Reached skill level 2 in Armour
 21283 | Lair:6   | Reached skill level 3 in Armour
 21449 | Lair:6   | Reached skill level 4 in Armour
 21647 | Lair:6   | HP: 8/84 [poisoned by a spiny frog]
 22145 | Lair:6   | Offered knowledge of Ozocubu's Refrigeration by Vehumet.
 22177 | Lair:6   | Reached skill level 15 in Air Magic
 22851 | Lair:6   | Reached skill level 16 in Air Magic
 22879 | Lair:6   | Reached skill level 17 in Air Magic
 23000 | Lair:6   | Reached XP level 15. HP: 48/88 MP: 10/32
 23442 | Lair:6   | Found the +3 crown of Dyrovepreva {rElec Int+2 SInv}
 23527 | Lair:6   | Noticed Sonja
 23533 | Lair:6   | Killed Sonja
 23538 | Lair:6   | Reached skill level 18 in Air Magic
 23610 | Lair:6   | Got a crude spear
 23612 | Lair:6   | Identified the +8 spear "Dican" {antimagic, Dex+6} (You
                  | found it on level 6 of the Lair of Beasts)
 24090 | D:12     | Offered knowledge of Conjure Ball Lightning by Vehumet.
 24511 | D:12     | Reached skill level 6 in Shields
 24657 | D:12     | Found a staircase to the Orcish Mines.
 24752 | D:12     | Found a runed translucent gate.
 24752 | D:12     | Found a runed translucent gate.
 24752 | D:12     | Found a runed translucent gate.
 24753 | D:12     | Noticed DildoBatman's ghost (journeyman FoWz)
 24919 | Lair:1   | Learned a level 6 spell: Conjure Ball Lightning
 25250 | D:12     | Killed DildoBatman's ghost
 25585 | Orc:1    | Entered Level 1 of the Orcish Mines
 25798 | Orc:2    | Entered Level 2 of the Orcish Mines
 25798 | Orc:2    | Found a staircase to the Elven Halls.
 25800 | Orc:2    | Reached skill level 7 in Shields
 25982 | Orc:2    | Reached ****** piety under Vehumet
 26473 | Orc:2    | Noticed an orc warlord
 26491 | Orc:2    | Offered knowledge of Bolt of Cold by Vehumet.
 26638 | Orc:2    | Killed an orc warlord
 27161 | Orc:2    | Reached skill level 8 in Shields
 27322 | Orc:2    | Noticed an orc warlord
 27375 | Orc:2    | Reached skill level 13 in Spellcasting
 27395 | Orc:2    | Killed an orc warlord
 27521 | Orc:2    | Found a roughly hewn altar of Beogh.
 27547 | Orc:2    | Found Ibesm's Antique Weapon Shop.
 27555 | Orc:2    | Found Qill's Book Shop.
 27631 | Orc:2    | Found Laqosoa's General Store.
 27638 | Orc:2    | Bought a scroll of magic mapping for 49 gold pieces
 27638 | Orc:2    | Bought a scroll of noise for 14 gold pieces
 27638 | Orc:2    | Bought a potion of berserk rage for 70 gold pieces
 27647 | Orc:2    | Found Enybb's Antique Armour Shop.
 28332 | D:13     | Offered knowledge of Freezing Cloud by Vehumet.
 28375 | D:13     | Noticed Rupert
 28398 | D:13     | Killed Rupert
 28951 | D:13     | You are sucked into a shaft and drop 2 floors!
 28951 | D:15     | Entered Level 15 of the Dungeon
 28990 | D:14     | Found a frozen archway.
 29003 | IceCv    | Entered an ice cave
 29008 | IceCv    | Reached XP level 16. HP: 92/93 MP: 8/34
 29843 | D:13     | Reached skill level 14 in Spellcasting
 29860 | D:13     | Found a gate to the Vaults.
 30314 | D:14     | HP: 7/93 [freezing wraith[a death knight] (9)]
 30665 | D:14     | Learned a level 6 spell: Freezing Cloud
 30749 | D:14     | Reached skill level 1 in Ice Magic
 31088 | D:14     | Reached skill level 2 in Ice Magic
 31281 | D:15     | Noticed Louise
 31282 | D:15     | Reached skill level 3 in Ice Magic
 31294 | D:15     | Killed Louise
 31511 | D:15     | Found a staircase to the Depths.
 31521 | D:15     | Reached skill level 4 in Ice Magic
 31531 | D:15     | Noticed Jorgrun
 31825 | D:15     | Killed Jorgrun
 32071 | D:15     | Found Kumputhra's Jewellery Boutique.
 32079 | D:15     | Bought the amulet of Vitality {Regen+ HP+15} for 1264 gold
                  | pieces
 32079 | D:15     | Found the amulet of Vitality {Regen+ HP+15}
 32181 | D:15     | Reached skill level 5 in Ice Magic
 32780 | Swamp:1  | Entered Level 1 of the Swamp
 32787 | Swamp:1  | Noticed Kirke
 32799 | Swamp:1  | Killed Kirke
 32989 | Swamp:1  | Reached skill level 6 in Ice Magic
 33544 | Swamp:1  | Noticed a thorn hunter
 33554 | Swamp:1  | Killed a thorn hunter
 33608 | Swamp:1  | Upgraded the game from 0.24.0-123-gd5b16e6ec5 to
                  | 0.24.0-125-gc4c63601f3
 33618 | Swamp:1  | Reached skill level 9 in Summonings
 34138 | Swamp:2  | Noticed Roxanne
 34147 | Swamp:2  | Reached skill level 1 in Necromancy
 34152 | Swamp:2  | Killed Roxanne
 34152 | Swamp:2  | Reached skill level 7 in Ice Magic
 34611 | Swamp:2  | Reached skill level 2 in Necromancy
 34929 | Swamp:3  | Reached skill level 15 in Spellcasting
 34933 | Swamp:3  | Reached skill level 3 in Necromancy
 34969 | Swamp:3  | Reached skill level 8 in Ice Magic
 35189 | Swamp:3  | Identified Jyesad's Tome of Confrontation and Venom
 35260 | Swamp:3  | Reached skill level 10 in Summonings
 35800 | Swamp:4  | Entered Level 4 of the Swamp
 35803 | Swamp:4  | Reached XP level 17. HP: 67/97 MP: 29/37
 36016 | Swamp:4  | Reached skill level 1 in Evocations
 36027 | Swamp:4  | Reached skill level 4 in Necromancy
 36173 | Swamp:4  | Slain by an alligator zombie

Levels and vault maps discovered:
D:1:      minmay_arrival_nine_rooms, layout_basic, minmay_worlds_worst_comb
D:2:      layout_rooms, lemuel_doored_altar, serial_bayou_pond_b
D:3:      layout_rooms, nrook_campfire, minmay_joined_circles,
          uniq_crazy_yiuf_cottage, uniq_robin
D:4:      layout_cave_pods, okawaru_trees_1, first_ration
D:5:      layout_loops_ring, lemuel_coloured_pillars_altar, tgw_xom,
          uniq_prince_ribbit1, uniq_menkaure
D:6:      layout_loops_ring, zin_purify, overflow_temple_1_default,
          minmay_temple_entry_ruins, portal_sewer_entry_d, basic_altar
D:7:      layout_loops_ring, grunt_temple_overflow_cloverleaf, fedhas_altar_2
D:8:      layout_cave_pods
D:9:      layout_basic, basic_altar, uniq_erica
D:10:     layout_cave_pools, nicolae_lava_and_water, the_bakery
D:11:     layout_gridville, dpeg_oklobed_lair, minivault_28
D:12:     layout_loops_cross, orc_0_dummy, gammafunk_ghost_necromancy
D:13:     layout_loops_ring, grunt_vaults_entry_fortified, uniq_rupert
D:14:     layout_gridville, portal_ice_cave_entry_pillars_1
D:15:     grunt_enter_depths_giant_problem, layout_irregular_city, serial_shops,
          shop, uniq_louise, uniq_jorgrun
Temple:   cyrus_circular_temple
Lair:1:   layout_big_grid
Lair:2:   layout_chaotic_city, infiniplex_staircase_pool, serial_bayou_shore_b
Lair:3:   layout_big_grid, dummy_snake_entry, beast_lair_carwin_4, uniq_urug
Lair:4:   layout_cave_pods, swamp_mist
Lair:5:   regret_index_harrowing_hell_hive, layout_small_grid, slime_dummy,
          minivault_29, serial_bayou_shore_a
Lair:6:   hangedman_lair_caniforms_friends, layout_gridlike,
          minmay_lindwurm_lava, uniq_sonja
Swamp:1:  layout_basic_swamp, evilmike_swamp_ruin_house_5, uniq_kirke
Swamp:2:  layout_basic_swamp, evilmike_swamp_ruin_house_2, uniq_roxanne
Swamp:3:  layout_basic_swamp, evilmike_swamp_ruin_house_4, swamp_pool5
Swamp:4:  swamp_pestilence, layout_basic_swamp
Orc:1:    layout_caves, mines5_lemuel
Orc:2:    grunt_orc_cross, layout_caves

Skill      XL: |  1  2  3  4  5  6  7  8  9 10 11 12 13 14 15 16 17 |
---------------+----------------------------------------------------+-----
Conjurations   | 2 3 4 6 8 12 13 14 | 14.0
Dodging        | 3 4 6 8 |  8.0
Air Magic      | 5 7 8 11 12 13 14 17 18 | 18.0
Spellcasting   | 3 4 5 7 8 9 11 12 13 15 | 15.1
Fighting       | 1 4 6 8 |  8.0
Translocations | 2 |  2.0
Shields        | 4 5 8 |  8.0
Summonings     | 6 8 10 | 10.0
Armour         | 4 |  4.0
Ice Magic      | 8 |  8.6
Necromancy     | 3 4 |  4.1
Evocations     | 1 |  1.6
Stealth        | |  2.0

Action                   |  1- 3 |  4- 6 |  7- 9 | 10-12 | 13-15 | 16-18 || total
-------------------------+-------+-------+-------+-------+-------+-------++-------
Melee: Dagger            |     6 |       |       |       |       |       ||     6
       Short sword       |    23 |     8 |       |       |       |       ||    31
       Kick              |     7 |    15 |    25 |    65 |   141 |    56 ||   309
       Peck              |     3 |    11 |    16 |    35 |    85 |    25 ||   175
       Long sword        |       |    49 |     5 |       |       |       ||    54
       Hand axe          |       |       |   113 |   159 |   388 |   113 ||   773
       Staff             |       |       |       |       |       |     6 ||     6
Throw: Boomerang         |     4 |     1 |       |     1 |    21 |     7 ||    34
 Cast: Shock             |    48 |   114 |   172 |   255 |   618 |    26 ||  1233
       Swiftness         |       |     1 |     1 |       |     1 |     2 ||     5
       Static Discharge  |       |     5 |    14 |    42 |    42 |       ||   103
       Airstrike         |       |     1 |     1 |     6 |     3 |       ||    11
       Lightning Bolt    |       |       |     8 |    56 |   250 |    89 ||   403
       Blink             |       |       |       |     4 |     9 |    15 ||    28
       Stone Arrow       |       |       |       |    11 |     2 |    36 ||    49
       Spellforged Servi |       |       |       |       |     6 |    10 ||    16
       Orb of Destructio |       |       |       |       |    24 |    34 ||    58
       Regeneration      |       |       |       |       |    18 |    10 ||    28
       Conjure Ball Ligh |       |       |       |       |     9 |    10 ||    19
       Freezing Cloud    |       |       |       |       |       |    19 ||    19
 Abil: Fly               |       |     1 |       |       |       |       ||     1
Evoke: Wand              |       |       |       |     5 |    15 |    15 ||    35
       Lightning rod     |       |       |       |       |     8 |     9 ||    17
       Phial of floods   |       |       |       |       |     1 |     1 ||     2
       Box of beasts     |       |       |       |       |       |     3 ||     3
  Use: Scroll            |       |       |     4 |     7 |    24 |     3 ||    38
       Potion            |       |       |       |     2 |     6 |     4 ||    12
 Stab: Sleeping          |     3 |     7 |     3 |     3 |     2 |       ||    18
       Distracted        |     1 |       |       |     1 |     2 |     1 ||     5
  Eat: Chunk             |     1 |    10 |    11 |    31 |    46 |    24 ||   123
       Ration            |       |       |     1 |     2 |    10 |     4 ||    17
Armor: Robe              |     9 |    16 |    21 |    33 |    52 |    30 ||   161
Dodge: Dodged            |    21 |    58 |   122 |   252 |   528 |   194 ||  1175
Block: Buckler           |       |       |       |    27 |   194 |    84 ||   305
       Rpst.: Long sword |       |    18 |       |       |       |       ||    18
